 Dungeon Crawl Stone Soup version 0.26-b1-59-ge38874ec40 (webtiles) character file.

Game seed: 11293977023363666967

124 jackrogers the Chopper (level 4, -1/39 HPs)
             Began as a Minotaur Berserker on Jan 9, 2021.
             Was a Follower of Trog.
             Succumbed to a worker ant's poison
             ... on level 4 of the Dungeon.
             The game lasted 00:02:06 (1450 turns).

jackrogers the Chopper (Minotaur Berserker)         Turns: 1450, Time: 00:02:07

Health: -1/39      AC:  2    Str: 21    XL:     4   Next: 81%
Magic:  3/3        EV: 12    Int:  4    God:    Trog [*.....]
Gold:   111        SH:  0    Dex: 11    Spells: 3/3 levels left

rFire    . . .     SeeInvis .   a - +0 hand axe
rCold    . . .     Faith    .   (no shield)
rNeg     . . .     Spirit   .   b - +0 animal skin
rPois    .         Reflect  .   (helmet restricted)
rElec    .         Harm     .   (no cloak)
rCorr    .         Rampage  .   (no gloves)
Will     .....                  (no boots)
Stlth    +.........             (no amulet)
HPRegen  0.13/turn              (no ring)
MPRegen  0.08/turn              (no ring)

@: lethally poisoned (-1 -> -24)
A: retaliatory headbutt, horns 2
a: Renounce Religion, Berserk


You were on level 4 of the Dungeon.
You worshipped Trog.
Trog was aware of your devotion.
You visited 1 branch of the dungeon, and saw 3 of its levels.

You collected 111 gold pieces.

Inventory:

Hand Weapons
 a - a +0 hand axe (weapon)
Armour
 b - a +0 animal skin (worn)
Jewellery
 e - an uncursed amulet of reflection {unknown}
Scrolls
 c - 2 scrolls of remove curse
 f - a scroll of magic mapping {unknown}
 h - a scroll of blinking
 i - a scroll of enchant armour {unknown}


   Skills:
 - Level 3.6 Fighting
 * Level 6.5 Axes
 - Level 2.4 Armour
 - Level 2.1 Dodging
 + Level 1.1 Stealth


You had 3 spell levels left.
You didn't know any spells.
Your spell library was empty.

Dungeon Overview and Level Annotations

Branches:
Dungeon (2/15)

Altars:
Nemelex Xobeh


Innate Abilities, Weirdness & Mutations

You reflexively headbutt those who attack you in melee.
You have a pair of horns on your head.


Message History

You barely miss the worker ant. Your headbutt misses the worker ant.
The worker ant is severely wounded.
You feel sick. The worker ant bites you.
You are lethally poisoned!
The worker ant poisons you!
You hit the worker ant.
The worker ant is almost dead.
You feel sick. The worker ant bites you!
* * * LOW HITPOINT WARNING * * *
You are more poisoned.
The worker ant poisons you! The worker ant barely misses you.
You hit the worker ant.
You kill the worker ant!
Trog accepts your kill.
* * * LOW HITPOINT WARNING * * *
You feel sick.
* * * LOW HITPOINT WARNING * * *
You feel sick.
It was a potion of magic.
Magic courses through your body.
You die...

?. # ... .# ..###.# #
#.....#.? .## ##.......
... ##........ ## ###..
###.....# .#
......#......# ######.##
#...@.##..###........
#..<...##.###.........
#.......................
.....###.#..#...........
..### #.#.###>.........
. #...# #.......... ##..
#.......... #.#
#..........
#..####.........


There were no monsters in sight!

Vanquished Creatures
  A scorpion (D:4)
  2 worker ants (D:4)
  An ooze (D:1)
  2 dart slugs
  4 giant cockroaches
  A goblin (D:1)
  A hobgoblin (D:1)
  4 jackals
  A kobold (D:2)
  3 bats
  2 frilled lizards (D:1)
  A rat (D:1)
23 creatures vanquished.

Notes
Turn   | Place    | Note
-------+----------+-------------------------------------------
     0 | D:1      | jackrogers the Minotaur Berserker began the quest for the
                  | Orb.
     0 | D:1      | Reached XP level 1. HP: 19/19 MP: 0/0
   430 | D:1      | Reached skill level 4 in Axes
   476 | D:1      | Reached XP level 2. HP: 26/26 MP: 1/1
  1082 | D:2      | Reached skill level 5 in Axes
  1082 | D:2      | Reached XP level 3. HP: 28/31 MP: 2/2
  1267 | D:2      | Found a sparkling altar of Nemelex Xobeh.
  1270 | D:2      | You fall into a shaft and drop 2 floors!
  1329 | D:4      | Noticed a scorpion
  1337 | D:4      | Killed a scorpion
  1338 | D:4      | Reached skill level 6 in Axes
  1338 | D:4      | Reached skill level 1 in Stealth
  1338 | D:4      | Reached XP level 4. HP: 33/39 MP: 3/3
  1449 | D:4      | HP: 1/39 [poisoned by a worker ant]
  1450 | D:4      | Succumbed to a worker ant's poison

Illustrated notes

Levels and vault maps discovered:
D:1:      ncdulo_halloftheorcs, layout_basic, minivault_23
D:2:      layout_loops_ring, lemuel_round_altar
D:4:      layout_rooms, gammafunk_temple_overflow_wave, kennysheep_small_circle

Skill      XL: |  1  2  3 |
---------------+----------+-----
Axes           | 4 5 6 |  6.5
Stealth        | 1 |  1.1
Fighting       | |  3.6
Armour         | |  2.4
Dodging        | |  2.1

Action                   |  1- 3 |  4- 6 || total
-------------------------+-------+-------++-------
Melee: Hand axe          |    58 |    10 ||    68
       Headbutt          |    16 |       ||    16
Invok: Berserk           |     1 |       ||     1
  Use: Scroll            |     3 |       ||     3
       Potion            |     1 |     1 ||     2
 Stab: Sleeping          |     1 |       ||     1
Armor: Animal skin       |    14 |       ||    14
Dodge: Dodged            |    40 |     5 ||    45
